 Seeded DCSS version 0.30-a0-859-gf88a04b62d (webtiles) character file.

Game seed: 14825015123840079673 (custom seed)

1386 Darius099 the Grappler (level 8, -3/74 HPs)
             Began as a Troll Monk on Mar 7, 2023.
             Slain by an ufetubus (4 damage)
             ... on level 6 of the Dungeon.
             The game lasted 00:08:57 (3254 turns).

Darius099 the Grappler (Troll Monk)                 Turns: 3254, Time: 00:08:58

Health: -3/74      AC:  4    Str: 20    XL:     8   Next: 40%
Magic:  7/7        EV: 11    Int:  6    God:
Gold:   251        SH:  0    Dex: 20    Spells: 7/7 levels left

rFire   + . .      SeeInvis .      - Unarmed
rCold   + . .      Faith    .    (no shield)
rNeg    . . .      Spirit   .    i - +0 robe
rPois   .          Reflect  .    (helmet restricted)
rElec   .          Rampage  .    h - scarf {rC+ rF+}
rCorr   .                        (gloves unavailable)
Will    +....                    (boots unavailable)
Stlth   ++                       g - amulet of regeneration
HPRegen 1.92/turn                w - +6 ring of dexterity
MPRegen 0.10/turn                q - ring of willpower

@: brilliant, lethally poisoned (-3 -> -5)
A: large, unfitting armour, claws 3, regeneration 1, shaggy fur 1, tough skin 1
a: no special abilities


You were on level 6 of the Dungeon.
You visited 1 branch of the dungeon, and saw 6 of its levels.

You collected 251 gold pieces.

Inventory:

Hand Weapons
 D - the +7 trident of Bloodstone {elec, Str+3}
   (You found it on level 6 of the Dungeon)

   Str:       It affects your strength (+3).
Armour
 h - a scarf of resistance (worn)
 i - a +0 robe (worn)
Jewellery
 g - an amulet of regeneration (around neck)
 p - a ring of see invisible
 q - a ring of willpower (right claw)
 t - a ring of willpower
 w - a +6 ring of dexterity (left claw)
 y - a ring of wizardry
Wands
 r - a wand of digging (3)
Scrolls
 c - 2 scrolls of teleportation {unknown}
 d - 3 scrolls of identify {unknown}
 j - a scroll of amnesia {unknown}
 m - 5 scrolls of blinking {unknown}
 n - 2 scrolls of vulnerability {unknown}
 o - 2 scrolls of brand weapon {unknown}
 v - a scroll of enchant armour {unknown}
 x - 2 scrolls of fear {unknown}
 C - a scroll of torment {unknown}
Potions
 a - 3 potions of degeneration {unknown}
 b - 4 potions of haste {unknown}
 e - 3 potions of flight {unknown}
 f - a potion of attraction
 k - a potion of lignification
 l - 2 potions of brilliance
 s - 2 potions of heal wounds {unknown}
 u - 2 potions of might {unknown}
 z - a potion of resistance {unknown}
 A - 2 potions of cancellation {unknown}
 B - a potion of mutation {unknown}


   Skills:
 - Level 2.5 Fighting
 - Level 2.5 Dodging
 - Level 1.1 Stealth
 + Level 10.6 Unarmed Combat


You had 7 spell levels left.
You didn't know any spells.
Your spell library contained the following spells:

 Spells                   Type           Power      Damage    Failure   Level
 Cigotuvi's Dreadful Rot  Necr/Pois/Air  0%         N/A       58%         2
 Passwall                 Tmut/Erth      0%         N/A       58%         2
 Poisonous Vapours        Pois/Air       0%         N/A       58%         2
 Hailstorm                Conj/Ice       0%         3d3       83%         3
 Mephitic Cloud           Conj/Pois/Air  0%         N/A       83%         3
 Ozocubu's Armour         Ice            0%         N/A       83%         3
 Animate Armour           Summ/Erth      0%         N/A       99%         4
 Ice Form                 Ice/Tmut       0%         N/A       99%         4
 Alistair's Intoxication  Tmut/Pois      0%         N/A       100%        5
 Lee's Rapid Deconstruct  Erth           0%         3d4*      100%        5
 Simulacrum               Ice/Necr       0%         N/A       100%        6
 Ozocubu's Refrigeration  Ice            0%         4d7       100%        7


Dungeon Overview and Level Annotations

Branches:
Dungeon (6/15)
 Temple: D:4-7

Altars:
Fedhas
Ru
Wu Jian


Innate Abilities, Weirdness & Mutations

You are too large for most types of armour.
You have claws for hands.
Your natural rate of healing is unusually fast.
You are covered in fur. (AC +1)
You have tough skin. (AC +1)


Message History

Some rock shatters into small pieces.
The water moccasin closely misses you.
You scratch the water moccasin.
The water moccasin is heavily wounded.
The ufetubus closely misses you. x2; The water moccasin bites you.
You are poisoned.
The water moccasin poisons you!
You scratch the ufetubus.
The ufetubus is severely wounded.
You feel very sick. The ufetubus barely misses you. The ufetubus hits you.
The water moccasin misses you.
You closely miss the water moccasin.
The water moccasin is heavily wounded.
You feel very sick. The ufetubus hits you. The ufetubus misses you.
The water moccasin bites you.
The ufetubus hits you but does no damage. x2
You closely miss the water moccasin. You claw the water moccasin!
The water moccasin is almost dead.
You feel sick. The water moccasin bites you.
* * * LOW HITPOINT WARNING * * *
You are more poisoned.
The water moccasin poisons you!
The orc zaps a wand.
Some rock shatters into small pieces.
The now-empty wand crumbles to dust.
The ufetubus closely misses you. The ufetubus barely misses you.
The ufetubus attacks as you move away! The ufetubus misses you.
The ufetubus hits you.
* * * LOW HITPOINT WARNING * * *
You feel very sick. The water moccasin bites you!
* * * LOW HITPOINT WARNING * * *
It was a potion of brilliance.
You feel clever all of a sudden.
* * * LOW HITPOINT WARNING * * *
You feel very sick. The ufetubus hits you.
* * * LOW HITPOINT WARNING * * *
The ufetubus misses you. The water moccasin bites you.
* * * LOW HITPOINT WARNING * * *
The ufetubus hits you.
You die...

# ## #### #. #. #...# #. #.
#...# #. #. ##...# #. #.
##...# #.##.##5..######
#.†...hS@......# ###
######.#...)o######.########..
#........)..... #..........#
#.##........#### ##########.#
####.###.. #.# #.# .... #.#
#.#.###.# ######.. #.#. ..
..####......# #.#
........#####


You could see a water moccasin, a black bear, an orc and an ufetubus.

Vanquished Creatures
  Prince Ribbit (D:6)
  An ice beast (D:5)
  A black bear (D:6)
  3 phantoms
  A kobold brigand (D:5)
  2 scorpions
  A hound (D:5)
  2 orc priests
  Jessica (D:2)
  Ijyb (D:3)
  3 iguanas
  7 orc wizards
  4 gnolls (D:4)
  7 adders
  3 dart slugs
  26 orcs
  5 ball pythons
  5 bats
  4 endoplasms
  2 giant cockroaches
  3 goblins
  8 hobgoblins
  15 kobolds
  4 quokkas
  2 frilled lizards (D:3)
  5 rats
117 creatures vanquished.

Notes
Turn   | Place    | Note
-------+----------+-------------------------------------------
     0 | D:1      | Darius099 the Troll Monk began the quest for the Orb.
     0 | D:1      | Reached XP level 1. HP: 22/22 MP: 0/0
   263 | D:1      | Reached XP level 2. HP: 29/29 MP: 1/1
   424 | D:1      | Found a faded altar of an unknown god.
   867 | D:2      | Reached XP level 3. HP: 35/36 MP: 2/2
   933 | D:2      | Noticed Jessica
   942 | D:2      | Reached skill level 4 in Unarmed Combat
   948 | D:2      | Killed Jessica
  1037 | D:2      | Reached XP level 4. HP: 43/44 MP: 3/3
  1251 | D:3      | Noticed Ijyb
  1262 | D:3      | Killed Ijyb
  1263 | D:3      | Reached skill level 5 in Unarmed Combat
  1525 | D:3      | Found a sacrificial altar of Ru.
  1628 | D:4      | HP: 1/44 [gnoll/+0 flail (2)]
  1636 | D:4      | Reached XP level 5. HP: 33/50 MP: 4/4
  1686 | D:4      | Found an ornate altar of the Wu Jian Council.
  1700 | D:4      | Noticed a phantom
  1708 | D:4      | Killed a phantom
  1709 | D:4      | Reached skill level 6 in Unarmed Combat
  1813 | D:4      | Reached XP level 6. HP: 59/59 MP: 5/5
  1898 | D:4      | Reached skill level 7 in Unarmed Combat
  2313 | D:5      | Entered Level 5 of the Dungeon
  2373 | D:5      | Reached XP level 7. HP: 66/66 MP: 6/6
  2445 | D:5      | Reached skill level 8 in Unarmed Combat
  2614 | D:5      | Found a blossoming altar of Fedhas.
  2654 | D:5      | Reached skill level 9 in Unarmed Combat
  2820 | D:5      | Got the Directory of the Green Xenolith
  3135 | D:6      | Reached XP level 8. HP: 74/74 MP: 7/7
  3145 | D:6      | Reached skill level 10 in Unarmed Combat
  3222 | D:6      | Identified the +7 trident of Bloodstone {elec, Str+3}
  3224 | D:6      | Noticed Prince Ribbit
  3238 | D:6      | Killed Prince Ribbit
  3254 | D:6      | HP: 3/74 [ufetubus (1)]
  3254 | D:6      | HP: 1/74 [water moccasin (2)]
  3254 | D:6      | Slain by an ufetubus

Illustrated notes

Levels and vault maps discovered:
D:1:      kennysheep_arrival_seaside, layout_loops_cross, basic_ecumenical_altar
D:2:      layout_rooms, uniq_jessica
D:3:      layout_rooms, old_standard_altar, serial_glass, glass_columns_a,
          glass_columns_a, uniq_ijyb
D:4:      layout_basic, mainiacjoe_overflow_surrounded_room
D:5:      layout_loops_ring, mainiacjoe_overflow_small_starburst
D:6:      layout_loops_ring, minmay_temple_entry_hall,
          minmay_hollow_rounded_squares, uniq_prince_ribbit1

Skill      XL: |  1  2  3  4  5  6  7  8 |
---------------+-------------------------+-----
Unarmed Combat | 4 5 6 7 9 10 | 10.6
Fighting       | |  2.5
Dodging        | |  2.5
Stealth        | |  1.1

Action                     |  1- 3 |  4- 6 |  7- 9 || total
---------------------------+-------+-------+-------++-------
  Melee: Unarmed           |    49 |   138 |   101 ||   288
         Punch             |     2 |     2 |     5 ||     9
    Use: Potion            |       |     3 |     1 ||     4
   Stab: Sleeping          |     2 |     7 |     1 ||    10
         Distracted        |     1 |       |       ||     1
 Armour: Robe              |    13 |    29 |    31 ||    73
         Skin              |       |    13 |       ||    13
  Dodge: Dodged            |    21 |    56 |    63 ||   140

Table legend: (Time is in decaauts)
 A = Elapsed time spent in this place.
 B = Non-inter-level travel time spent in this place.
 C = Inter-level travel time spent in this place.
 D = Time resting spent in this place.
 E = Time spent auto-exploring this place.
 F = Levels seen in this place.
 G = Mean time per level.
                   A        B        C        D        E       F      G
               +--------+--------+--------+--------+--------+-----+--------+
         Total |   3215 |   3118 |     97 |    124 |   2051 |   6 |  535.8 |
       Dungeon |   3215 |   3118 |     97 |    124 |   2051 |   6 |  535.8 |
               +--------+--------+--------+--------+--------+-----+--------+

Top non-repeatable levels by time:
     D:5: 794 daAuts
     D:1: 763 daAuts
     D:4: 693 daAuts
     D:3: 469 daAuts
     D:2: 366 daAuts
     D:6: 127 daAuts
